 Dungeon Crawl Stone Soup version 0.31-a0-538-gbc85326fa9 (webtiles) character file.

Game seed: 15626073839780113293

10160 Midn8 the Cleaver (level 11, 0/94 HPs)
             Began as a Grey Draconian Venom Mage on Aug 13, 2023.
             Was a Priest of Makhleb.
             Slain by a centaur warrior (8 damage)
             ... on level 10 of the Dungeon.
             The game lasted 00:34:22 (11803 turns).

Midn8 the Cleaver (Grey Draconian Venom Mage)      Turns: 11803, Time: 00:34:23

Health: 0/94       AC: 15    Str: 10    XL:     11   Next: 32%
Magic:  8/26       EV: 15    Int: 18    God:    Makhleb [***...]
Gold:   559        SH:  5    Dex: 20    Spells: 11/18 levels left

rFire   . . .        v - +8 mithril axe "Arga" {speed, Will+}
rCold   . . .        (no shield)
rNeg    . . .        (body armour unavailable)
rPois   .            q - +1 hat
rElec   .            (no cloak)
rCorr   .            B - +0 pair of gloves
SInv    .            E - +0 pair of boots
Will    +....        I - amulet of reflection
Stlth   ++           i - +6 ring of dexterity
HPRegen 0.35/turn    z - ring of magical power
MPRegen 0.20/turn

%: reflection
@: lethally poisoned (0 -> -1), very slightly contaminated
A: AC +12, amphibious, unfitting armour, cold-blooded
a: Renounce Religion, Minor Destruction, Lesser Servant of Makhleb


You were on level 10 of the Dungeon.
You worshipped Makhleb.
Makhleb was most pleased with you.
You visited 1 branch of the dungeon, and saw 10 of its levels.
You also visited: Sewer.

You collected 559 gold pieces.

Inventory:

Hand Weapons
 d - a +1 dagger of pain
 g - a +0 short sword
 k - a +0 orcbow
 p - a +1 sling of flaming
 v - the +8 mithril axe "Arga" (weapon) {speed, Will+}
   (You found it on level 5 of the Dungeon)

   Will+:     It increases your willpower.
Missiles
 c - a curare-tipped dart
 l - 27 poisoned darts
Armour
 m - a +0 kite shield
 q - a +1 hat (worn)
 B - a +0 pair of gloves (worn)
 E - a +0 pair of boots (worn)
Jewellery
 i - a +6 ring of dexterity (left hand)
 w - a ring of see invisible
 z - a ring of magical power (right hand)
 C - a ring of wizardry
 I - an amulet of reflection (around neck)
Wands
 s - a wand of roots (9)
 y - a wand of flame (23)
 G - a wand of digging (4)
 L - a wand of charming (4)
Scrolls
 h - 2 scrolls of teleportation
 n - 4 scrolls of fog
 r - a scroll of revelation
 A - a scroll of amnesia
 H - a scroll of torment {unknown}
Potions
 a - a potion of magic
 b - 5 potions of enlightenment
 e - 3 potions of berserk rage
 f - 3 potions of curing
 o - 3 potions of might
 t - a potion of invisibility
 u - 4 potions of heal wounds
 x - a potion of attraction
 J - 3 potions of brilliance
 K - 2 potions of haste


   Skills:
 - Level 8.0 Fighting
 - Level 10.0 Axes
 - Level 5.0 Dodging
 - Level 1.7 Stealth
 + Level 4.0 Spellcasting
 - Level 1.0 Transmutations
 - Level 1.5 Air Magic
 * Level 8.0 Poison Magic
 - Level 6.0 Invocations
 - Level 6.0 Evocations


You had 11 spell levels left.
You knew the following spells:

 Your Spells              Type           Power      Damage    Failure   Level
a - Sting                 Tmut/Pois      76%        1d6       2%          1
g - Olgreb's Toxic Radia  Pois           32%        N/A       5%          4
v - Poisonous Vapours     Pois/Air       40%        N/A       3%          2

Your spell library contained the following spells:

 Spells                   Type           Power      Damage    Failure   Level
 Mephitic Cloud           Conj/Pois/Air  15%        N/A       12%         3
 Apportation              Tloc           6%         N/A       14%         1
 Kiss of Death            Conj/Necr      12%        2d6       14%         1
 Passwall                 Tmut/Erth      4%         N/A       19%         2
 Ensorcelled Hibernation  Hex/Ice        6%         N/A       22%         2
 Lesser Beckoning         Tloc           6%         N/A       22%         2
 Swiftness                Air            9%         N/A       24%         3
 Confusing Touch          Hex            3%         N/A       41%         3
 Dazzling Flash           Conj/Hex       6%         N/A       41%         3
 Inner Flame              Hex/Fire       3%         N/A       41%         3
 Ozocubu's Armour         Ice            3%         N/A       41%         3
 Teleport Other           Tloc           3%         N/A       41%         3
 Alistair's Intoxication  Tmut/Pois      12%        N/A       54%         5
 Dispel Undead            Necr           3%         3d7       82%         4
 Passage of Golubria      Tloc           3%         N/A       82%         4
 Silence                  Hex/Air        3%         N/A       96%         5
 Yara's Violent Unravell  Hex/Tmut       2%         3d3       97%         5
 Summon Mana Viper        Hex/Summ       3%         N/A       99%         5
 Enfeeble                 Hex            1%         N/A       100%        7
 Ozocubu's Refrigeration  Ice            1%         4d7       100%        7
 Lehudib's Crystal Spear  Conj/Erth      1%         10d2      100%        8


Dungeon Overview and Level Annotations

Branches:
Dungeon (10/15)            Temple (0/1) D:7            Lair (0/5) D:9
  Sewer (visited)
    Orc: D:9-12

Altars:
Ashenzari
Dithmenos
Makhleb
Ru
Sif Muna
Uskayaw
Yredelemnul

Annotations:
D:4 2 transporters, cforsyth's ghost, amateur GnAr
D:9 6 transporters


Innate Abilities, Weirdness & Mutations

Your dull iron-grey scales are very hard. (AC +12)
You are amphibious.
You cannot fit into any form of body armour.
You are cold-blooded and may be slowed by cold attacks.


Message History

The centaur warrior hits you! The centaur warrior misses you.
Unknown command.
Casting: Poisonous Vapours (safe; 3% risk of failure)
Confirm with . or Enter, or press ? or * to list all spells.
You miscast Olgreb's Toxic Radiance.
You are very lightly contaminated with residual magic.
You feel rather nauseous for a moment!
You are poisoned.
You feel sick. The centaur warrior hits you! The centaur warrior misses you.
You block the centaur warrior's attack.
The centaur warrior kicks you but does no damage.
Unknown command.
Casting: Olgreb's Toxic Radiance (dangerous; 5% risk of failure)
Confirm with . or Enter, or press ? or * to list all spells.
You begin to radiate toxic energy.
The killer bee is poisoned.
The centaur warrior looks as sick as possible! x2
The killer bee looks even sicker.
You feel sick. The centaur warrior hits you!
* * * LOW HITPOINT WARNING * * *
You block the centaur warrior's attack. The killer bee completely misses you.
The centaur warrior hits you!
* * * LOW HITPOINT WARNING * * *
You block the centaur warrior's attack. x2
The centaur warrior barely misses you. The killer bee barely misses you.
The centaur warrior completely misses you.
The centaur warrior barely misses you.
Unknown command.
As you read the scroll of fear, it crumbles to dust.
You assume a fearsome visage.
The centaur warrior looks frightened! x2
The killer bee looks frightened!
Your attack snaps the centaur warrior out of its fear. x2
The centaur warrior looks as sick as possible!
Your attack snaps the killer bee out of its fear.
Your toxic aura wanes.
You feel sick.
The killer bee stings you but does no damage.
The centaur warrior hits you!
* * * LOW HITPOINT WARNING * * *
The centaur warrior kicks you but does no damage.
The centaur warrior hits you!
You die...

## ###########...#
##############..............
#..............####..####.##
#....).........#........#
#.......)......#cc####..#
#.<).))........#@#....#.#
#...............y#c#..#...
#......).........#.. .# ...
#.########.###.#.#... # ..
#†# #.# #.#..#### #.# #.#
#.#.... #.# #.# #.####. ..#
#.# #.# #.#


You could see 2 centaur warriors and a killer bee (very poisoned).

Vanquished Creatures
  7 death yaks
  A two-headed ogre (D:9)
  A gargoyle (D:10)
  A komodo dragon (D:10)
  A troll (D:7)
  A hornet (D:6)
  A shadow (D:9)
  A wyvern (D:9)
  A wraith (D:8)
  2 acid dragons
  3 water moccasins
  6 orc warriors
  2 ice beasts
  A sky beast (D:8)
  A centaur (D:4)
  4 ogres
  A bullfrog (D:7)
  3 kobold brigands
  A scorpion (D:4)
  5 wights
  9 killer bees (D:9)
  5 electric eels (D:8)
  A howler monkey (D:5)
  4 orc priests
  A hound (D:5)
  A jelly (D:5)
  2 iguanas
  11 orc wizards
  Robin (D:4)
  10 gnolls
  14 adders
  A white imp (D:7)
  An ufetubus (D:6)
  A worm (D:4)
  5 dart slugs
  30 orcs
  10 ball pythons
  9 endoplasms
  4 giant cockroaches
  11 goblins
  10 hobgoblins
  A jackal (Sewer)
  19 kobolds
  2 quokkas (D:1)
  3 bats
  3 frilled lizards
  7 rats
220 creatures vanquished.

Vanquished Creatures (collateral kills)
  A gargoyle (D:8)
  A gnoll bouda (D:8)
2 creatures vanquished.

Grand Total: 222 creatures vanquished

Notes
Turn   | Place    | Note
-------+----------+-------------------------------------------
     0 | D:1      | Midn8 the Draconian Venom Mage began the quest for the Orb.
     0 | D:1      | Reached XP level 1. HP: 14/14 MP: 3/3
   279 | D:1      | Reached XP level 2. HP: 20/20 MP: 0/5
   772 | D:1      | Learned a level 2 spell: Poisonous Vapours
  1058 | D:2      | Reached skill level 1 in Air Magic
  1058 | D:2      | Reached XP level 3. HP: 26/26 MP: 2/7
  1493 | D:2      | Reached XP level 4. HP: 33/33 MP: 2/9
  1717 | D:2      | Found a faded altar of an unknown god.
  2552 | D:3      | Found a burning altar of Makhleb.
  2557 | D:3      | Became a worshipper of Makhleb the Destroyer
  2969 | D:3      | Reached XP level 5. HP: 38/38 MP: 7/11
  3157 | D:4      | Noticed Robin
  3196 | D:4      | Killed Robin
  3477 | D:4      | Found a basalt altar of Yredelemnul.
  3842 | D:4      | Found a broken altar of Ashenzari.
  3844 | D:4      | Found a shadowy altar of Dithmenos.
  3883 | D:4      | Reached XP level 6. HP: 36/49 MP: 3/12
  4016 | D:4      | Found a transporter.
  4020 | D:4      | Found a transporter.
  4020 | D:4      | Noticed cforsyth's ghost (amateur GnAr)
  4025 | D:4      | Reached * piety under Makhleb
  4116 | D:4      | Identified the +8 great mace of Disarray {flame, Will+
                  | Int+3}
  4648 | D:4      | Reached skill level 5 in Poison Magic
  4648 | D:4      | Your scales start taking on a dull iron-grey colour.
  4648 | D:4      | Reduced skill Air Magic to level 1
  4648 | D:4      | Reached XP level 7. HP: 25/59 MP: 3/13
  4808 | D:5      | Entered Level 5 of the Dungeon
  5051 | D:5      | Learned a level 4 spell: Olgreb's Toxic Radiance
  5119 | D:5      | Found a glowing drain.
  5129 | Sewer    | Entered a sewer
  5374 | Sewer    | Found a white marble altar of Elyvilon.
  5428 | D:5      | Found the +8 mithril axe "Arga" {speed, Will+}
  5577 | D:5      | Got Yneiky's Elucidation of Bad Luck and the Traveller
  6012 | D:6      | Reached ** piety under Makhleb
  6141 | D:6      | Reached XP level 8. HP: 50/66 MP: 14/14
  6219 | D:6      | Reached skill level 1 in Invocations
  6464 | D:6      | Noticed a hornet
  6469 | D:6      | Killed a hornet
  6470 | D:6      | Reached skill level 5 in Invocations
  6650 | D:6      | Found a sacrificial altar of Ru.
  7161 | D:7      | Reached skill level 1 in Axes
  7186 | D:7      | Reached skill level 2 in Axes
  7285 | D:7      | Reached skill level 3 in Axes
  7369 | D:7      | Found a hide-covered altar of Uskayaw.
  7375 | D:7      | Found a shimmering blue altar of Sif Muna.
  7435 | D:7      | Reached XP level 9. HP: 71/71 MP: 13/15
  7454 | D:7      | Reached skill level 4 in Axes
  7641 | D:7      | Reached skill level 5 in Axes
  7951 | D:7      | Noticed a troll
  8013 | D:7      | Killed a troll
  8014 | D:7      | Reached skill level 6 in Axes
  8295 | D:7      | Found a staircase to the Ecumenical Temple.
  8412 | D:8      | Reached skill level 7 in Axes
  9138 | D:8      | Reached skill level 8 in Axes
  9203 | D:8      | Reached skill level 5 in Fighting
  9379 | D:8      | Reached *** piety under Makhleb
  9513 | D:8      | Noticed a gargoyle
  9525 | D:8      | Killed a gargoyle
  9526 | D:8      | Reached XP level 10. HP: 40/83 MP: 16/16
 10189 | D:9      | Noticed a death yak
 10190 | D:9      | Noticed a death yak
 10201 | D:9      | Killed a death yak
 10202 | D:9      | Noticed a death yak
 10207 | D:9      | Killed a death yak
 10208 | D:9      | Reached skill level 5 in Evocations
 10210 | D:9      | Noticed a death yak
 10210 | D:9      | Noticed a death yak
 10212 | D:9      | Noticed a death yak
 10215 | D:9      | Noticed a death yak
 10222 | D:8      | Killed a death yak
 10400 | D:9      | Found a transporter.
 10403 | D:9      | Found a transporter.
 10413 | D:9      | Found a transporter.
 10414 | D:9      | Found a transporter.
 10424 | D:9      | Reached skill level 9 in Axes
 10462 | D:9      | Killed a death yak
 10464 | D:9      | Killed a death yak
 10465 | D:9      | Reached skill level 10 in Axes
 10465 | D:9      | Killed a death yak
 10486 | D:9      | Killed a death yak
 10487 | D:9      | Reached XP level 11. HP: 94/94 MP: 9/17
 10767 | D:9      | Found a transporter.
 10772 | D:9      | Found a transporter.
 10788 | D:9      | Found a staircase to the Lair.
 11056 | D:9      | Noticed a two-headed ogre
 11074 | D:9      | Killed a two-headed ogre
 11633 | D:10     | Entered Level 10 of the Dungeon
 11718 | D:10     | Reached skill level 5 in Dodging
 11792 | D:10     | Noticed a centaur warrior
 11795 | D:10     | Noticed a centaur warrior
 11803 | D:10     | Slain by a centaur warrior

Illustrated notes

Levels and vault maps discovered:
D:1:      minmay_arrival_up_and_down, layout_basic
D:2:      layout_loops_cross, shapermc_ecumenical_altar_mp_highgroup,
          nicolae_grassy_gnolls
D:3:      layout_loops_ring, lightli_temple_of_fire
D:4:      layout_basic, mainiacjoe_overflow_boulevard, jmf_multi_god_temple,
          gammafunk_ghost_smash, minmay_cupped, uniq_robin
D:5:      layout_basic, cheibrodos_sewer_entry_drain
D:6:      layout_loops_ring, kennysheep_little_box
D:7:      layout_loops_ring, mainiacjoe_overflow_big_doors, temple_green
D:8:      layout_cave_pools, serial_bayou, serial_bayou_lagoon_a,
          serial_bayou_pond_a, serial_bayou_ford_a, serial_bayou_pond_b,
          minivault_4
D:9:      layout_layer_cave, dpeg_lair_monsters, serial_nicolae_subway,
          nicolae_sub_station_metal, nicolae_sub_station_crystal,
          nicolae_sub_station_stone
D:10:     layout_small_grid, mainiacjoe_overflow_alcove_3, david_orc_4,
          minivault_20

Skill      XL: |  1  2  3  4  5  6  7  8  9 10 11 |
---------------+----------------------------------+-----
Spellcasting   | 3 4 |  4.0
Air Magic      | 1 2 1 |  1.5
Poison Magic   | 4 5 7 8 |  8.0
Fighting       | 2 4 6 8 |  8.0
Invocations    | 6 |  6.0
Axes           | 3 8 10 | 10.0
Evocations     | 2 6 |  6.0
Dodging        | 5 |  5.0
Stealth        | |  1.7
Transmutations | |  1.0

Action                     |  1- 3 |  4- 6 |  7- 9 | 10-12 || total
---------------------------+-------+-------+-------+-------++-------
  Melee: Unarmed           |    16 |       |       |       ||    16
         Tailslap          |     4 |       |    15 |     4 ||    23
         Short sword       |     1 |       |       |       ||     1
         Broad axe         |       |       |    73 |    51 ||   124
         Punch             |       |       |     1 |     2 ||     3
   Fire: Sling             |       |    78 |    31 |       ||   109
   Cast: Sting             |    49 |   102 |    37 |       ||   188
         Poisonous Vapours |     6 |    22 |    28 |     5 ||    61
         Olgreb's Toxic Ra |       |       |    43 |    31 ||    74
 Invoke: Minor Destruction |       |       |    14 |     6 ||    20
         Lesser Servant of |       |       |     1 |       ||     1
  Evoke: Wand              |       |       |     1 |       ||     1
    Use: Scroll            |       |     5 |     4 |    10 ||    19
         Potion            |       |       |     3 |       ||     3
   Stab: Sleeping          |       |       |     1 |       ||     1
         Distracted        |       |       |       |     1 ||     1
 Armour: Skin              |    14 |    26 |    39 |    15 ||    94
  Dodge: Dodged            |    19 |    49 |    48 |    17 ||   133
  Block: Other             |       |       |       |     7 ||     7

Table legend: (Time is in decaauts)
 A = Elapsed time spent in this place.
 B = Non-inter-level travel time spent in this place.
 C = Inter-level travel time spent in this place.
 D = Time resting spent in this place.
 E = Time spent auto-exploring this place.
 F = Levels seen in this place.
 G = Mean time per level.
                   A        B        C        D        E       F      G
               +--------+--------+--------+--------+--------+-----+--------+
         Total |  11870 |  11560 |    310 |   4735 |   4509 |  11 | 1079.1 |
       Dungeon |  11543 |  11233 |    310 |   4583 |   4509 |  10 | 1154.3 |
         Sewer |    326 |    326 |      0 |    152 |      0 |   1 |  326.0 |
               +--------+--------+--------+--------+--------+-----+--------+

Top non-repeatable levels by time:
     D:4: 1732 daAuts
     D:8: 1638 daAuts
     D:7: 1529 daAuts
     D:2: 1431 daAuts
     D:9: 1300 daAuts
     D:6: 1128 daAuts
     D:1: 1034 daAuts
     D:5: 940 daAuts
     D:3: 640 daAuts
   Sewer: 326 daAuts
    D:10: 168 daAuts
